 Dungeon Crawl Stone Soup version 0.29-a0-322-g68df515428 (webtiles) character file.

Game seed: 3726837263142359392

103 bande the Covered (level 4, -1/29 HPs)
             Began as a Gargoyle Fighter on Apr 7, 2022.
             Slain by an orc
             ... wielding a +0 mace
              (3 damage)
             ... on level 3 of the Dungeon.
             The game lasted 00:03:51 (2469 turns).

bande the Covered (Gargoyle Fighter)                Turns: 2469, Time: 00:03:51

Health: -1/29      AC: 13    Str: 25    XL:     4   Next: 79%
Magic:  4/4        EV:  9    Int:  9    God:
Gold:   64         SH:  4    Dex: 11    Spells: 3/3 levels left

rFire   . . .      SeeInvis .   a - +0 war axe
rCold   . . .      Faith    .   c - +0 buckler
rNeg    + . .      Spirit   .   b - +0 scale mail
rPois   ∞          Reflect  .   (no helmet)
rElec   +          Harm     .   l - +0 cloak
rCorr   .          Rampage  .   m - +0 pair of gloves
Will    .....                   (no boots)
Stlth   ..........              (no amulet)
HPRegen 0.09/turn               j - +6 ring of strength
MPRegen 0.09/turn               (no ring)

@: no status effects
A: sickness immunity, AC +3, negative energy resistance 1, electricity
resistance, torment resistance 1, petrification resistance
a: no special abilities


You were on level 3 of the Dungeon.
You visited 1 branch of the dungeon, and saw 3 of its levels.

You collected 64 gold pieces.

Inventory:

Hand Weapons
 a - a +0 war axe (weapon)
 n - a +0 war axe
Armour
 b - a +0 scale mail (worn)
 c - a +0 buckler (worn)
 l - a +0 cloak (worn)
 m - a +0 pair of gloves (worn)
Jewellery
 j - a +6 ring of strength (left hand)
Potions
 d - 2 potions of might
 e - a potion of lignification {unknown}
 f - a potion of brilliance
 g - 2 potions of flight
 h - 3 potions of curing
 i - a potion of invisibility {unknown}
 k - a potion of haste {unknown}


   Skills:
 + Level 3.8 Fighting
 + Level 3.2 Axes
 + Level 4.0 Armour
 + Level 3.6 Shields


You had 3 spell levels left.
You didn't know any spells.
Your spell library contained the following spells:

 Spells                   Type           Power      Damage    Failure   Level
 Ignite Poison            Fire/Tmut/Pois 0%         N/A       98%         3
 Mephitic Cloud           Conj/Pois/Air  0%         N/A       98%         3
 Freezing Cloud           Conj/Ice/Air   0%         6-21      100%        5
 Chain Lightning          Conj/Air       0%         N/A       100%        9
 Fire Storm               Conj/Fire      0%         5d1       100%        9
 Shatter                  Erth           0%         3d5*      100%        9


Dungeon Overview and Level Annotations

Branches:
Dungeon (3/15)

Altars:

Annotations:
D:1 2 transporters
D:3 3 runed translucent doors, Rappanathuk's ghost, amateur HOFi


Innate Abilities, Weirdness & Mutations

You are immune to sickness and miasma.
Your stone body is resilient. (AC +3)
You are immune to poison.
You resist negative energy. (rN+)
You are resistant to electric shocks. (rElec)
You are resistant to unholy torment.
You are immune to petrification.


Message History

You closely miss the orc. The orc hits you with a +0 whip.
An orc wizard comes into view. It is wielding a +0 dagger.
The orc priest hits you with a +0 mace.
You closely miss the orc priest.
The orc priest is lightly wounded.
The orc wizard shouts!
You hit the goblin.
You kill the goblin!
You closely miss the orc.
The orc wizard mumbles some strange words.
The orc wizard flickers and vanishes!
Deactivating autopickup; reactivate with Ctrl-A.
The orc priest looks braver for a moment.
You hit the orc priest.
The orc priest is moderately wounded.
You closely miss the orc. x2; The orc hits you but does no damage.
You block the orc priest's attack. The orc closely misses you.
Unknown command.
You closely miss the orc priest.
The orc priest is moderately wounded.
You hit the orc but do no damage. You closely miss the orc.
The orc hits you but does no damage. The orc barely misses you.
The orc priest hits you with a +0 mace. The orc hits you with a +0 whip.
The orc priest hits you with a +0 mace. The orc barely misses you.
Unknown command.
You hit the orc priest but do no damage.
The orc priest is moderately wounded.
You hit the orc but do no damage. You slash the orc!
You kill the orc!
You hit the orc. You block the orc's attack.
The orc priest hits you but does no damage.
The orc hits you with a +0 mace.
* * * LOW HITPOINT WARNING * * *
You closely miss the orc priest.
The orc priest is moderately wounded.
You barely miss the orc. You closely miss the orc. The orc barely misses you.
The orc priest hits you with a +0 mace.
* * * LOW HITPOINT WARNING * * *
The orc hits you with a +0 mace.
You die...

....##.......†...#
...###...........# ..
##.# #...........#####..
.................+......
...#######.......#....#
##### ######.......#
..... ##.......# .....
#####........# .....
......o@.....+ .....
#####.o)o.#### .....
........# #####
..........# .....
..........# ..$
........... #.
............ .#
............. #...


You could see an orc priest and 2 orcs.

Vanquished Creatures
  6 adders
  2 dart slugs
  An orc (D:3)
  4 ball pythons
  2 endoplasms
  A giant cockroach (D:1)
  6 goblins
  7 hobgoblins
  3 quokkas
  6 bats
  A frilled lizard (D:1)
  A kobold (D:2)
  5 rats
45 creatures vanquished.

Notes
Turn   | Place    | Note
-------+----------+-------------------------------------------
     0 | D:1      | bande the Gargoyle Fighter began the quest for the Orb.
     0 | D:1      | Reached XP level 1. HP: 14/14 MP: 1/1
   267 | D:1      | Reached XP level 2. HP: 16/19 MP: 2/2
   817 | D:1      | Reached XP level 3. HP: 23/23 MP: 3/3
  1573 | D:2      | Found a faded altar of an unknown god.
  1839 | D:2      | Reached XP level 4. HP: 29/29 MP: 4/4
  2058 | D:2      | Reached skill level 4 in Armour
  2346 | D:3      | Found a runed translucent gate.
  2346 | D:3      | Found a runed translucent gate.
  2347 | D:3      | Noticed a gnoll sergeant
  2347 | D:3      | Noticed Rappanathuk's ghost (amateur HOFi)
  2352 | D:3      | Found a runed translucent gate.
  2469 | D:3      | Slain by an orc

Illustrated notes

Levels and vault maps discovered:
D:1:      spicycebolla_arrival_teleporter_tutorial, layout_basic
D:2:      layout_loops_ring, shapermc_ecumenical_altar_pompeii,
          kennysheep_flooded_box, item_on_display_a
D:3:      layout_basic, gammafunk_ghost_split, uniq_terence

Skill      XL: |  1  2  3  4 |
---------------+-------------+-----
Axes           | 2 3 |  3.2
Armour         | 4 |  4.0
Fighting       | |  3.8
Shields        | |  3.6

Action                   |  1- 3 |  4- 6 || total
-------------------------+-------+-------++-------
Melee: War axe           |   111 |    62 ||   173
  Use: Scroll            |     4 |     3 ||     7
Armor: Scale mail        |    75 |    47 ||   122
Dodge: Dodged            |    67 |    38 ||   105
Block: Buckler           |    28 |    17 ||    45

Table legend: (Time is in decaauts)
 A = Elapsed time spent in this place.
 B = Non-inter-level travel time spent in this place.
 C = Inter-level travel time spent in this place.
 D = Time resting spent in this place.
 E = Time spent auto-exploring this place.
 F = Levels seen in this place.
 G = Mean time per level.
                   A        B        C        D        E       F      G
               +--------+--------+--------+--------+--------+-----+--------+
         Total |   2541 |   2439 |    102 |      0 |   1919 |   3 |  847.0 |
       Dungeon |   2541 |   2439 |    102 |      0 |   1919 |   3 |  847.0 |
               +--------+--------+--------+--------+--------+-----+--------+

Top non-repeatable levels by time:
     D:1: 1515 daAuts
     D:2: 893 daAuts
     D:3: 133 daAuts
